Map: Daybreak LE

Players

Zanarcane - Winner!

  • Race: Terran Terran
  • Spawn Location: 1:00

A.I. 1 (Harder)

  • Race: Zerg Zerg
  • Spawn Location: 7:00

VOD

Have the link to the VOD?

Description

Time

  • Played on: Feb. 25, 2019, 4:49 p.m.
  • Length: 13:24
Show
View Real Time Build Order
Export as new Build Order

Zanarcane Terran - Winner!

Build Orders:  

Get SALT Encoding   

  12  0:01  SCV  
  13  0:13  SCV  
  14  0:19  Supply Depot  
  14  0:25  SCV  
  15  0:34  Refinery  
  15  0:40  SCV  
  16  0:45  Barracks  
  16  0:53  SCV  
  17  1:05  SCV  
  17  1:10  Supply Depot  
  18  1:17  SCV  
  19  1:32  Orbital Command  
  19  1:34  Marine  
  20  1:41  Barracks  
  20  1:52  Marine  
  21  2:03  Factory, SCV  
  22  2:10  Marine  
  23  2:15  SCV  
  23  2:20  Supply Depot  
  24  2:28  SCV, Marine  
  26  2:30  Barracks Reactor  
  26  2:40  SCV  
  27  2:46  Marine  
  27  2:48  Factory Reactor  
  28  2:51  Starport  
  28  2:54  SCV  
  28  2:57  Refinery  
  29  3:03  Marine  
  30  3:05  Supply Depot  
  30  3:06  SCV  
  30  3:08  Marine  
  30  3:09  Marine  
  33  3:18  SCV  
  34  3:28  Command Center  
  34  3:30  SCV  
  34  3:31  Marine  
  36  3:42  Barracks Tech Lab  
  36  3:48  Factory Tech Lab  
  36  3:53  Marine  
  36  3:54  Marine  
  38  4:01  Medivac x2  
  42  4:04  SCV  
  43  4:11  Marine  
  43  4:16  SCV  
  45  4:21  Supply Depot  
  45  4:30  Marine x2  
  47  4:39  Siege Tank  
  47  4:40  Marauder  
  52  4:48  Marine x2, Supply Depot x2  
  55  4:52  SCV  
  55  4:53  SCV  
  56  5:01  Marine  
  57  5:12  Siege Tank  
  60  5:24  Refinery  
  60  5:27  Refinery  
  60  5:28  SCV x2  
  62  5:29  Marine x2  
  62  5:30  Marauder  
  66  5:35  Medivac  
  68  5:44  Siege Tank  
  68  5:46  Marine  
  68  5:47  Marine  
  73  5:50  Supply Depot  
  73  6:01  Supply Depot x2  
  73  6:02  SCV x2  
  75  6:05  Marauder, Marine x2  
  75  6:10  Medivac  
  81  6:16  SCV  
  83  6:26  Marauder  
  83  6:27  Orbital Command  
  83  6:28  SCV  
  83  6:31  Marine x2  
  87  6:38  Siege Tank  
  90  6:48  Marauder  
  90  6:52  Supply Depot  
  92  7:02  Stimpack, Supply Depot  
  89  7:36  Supply Depot  
  89  7:38  Supply Depot  
  89  7:44  SCV x2, Supply Depot  
  89  7:50  Marine x2  
  95  7:51  Marauder  
  95  7:57  Siege Tank  
  98  7:59  Medivac x2  
  102  8:08  Marine x2  
  104  8:12  Command Center  
  104  8:15  Supply Depot  
  104  8:28  SCV x2  
  104  8:29  Marine  
  104  8:30  Marauder, Marine  
  104  8:32  Engineering Bay  
  110  8:49  Marine x2  
  110  8:52  Marauder, Siege Tank  
  110  8:53  Medivac  
  119  9:03  Combat Shield  
  119  9:07  Marine x2  
  121  9:13  Marine  
  121  9:14  Medivac  
  124  9:20  SCV x2  
  124  9:23  Medivac  
  128  9:24  Siege Tank  
  128  9:25  Marine  
  128  9:31  Marauder  
  134  9:32  SCV  
  134  9:34  Terran Infantry Weapons Level 1  
  135  9:40  Infernal Pre-Igniter  
  135  9:45  Marine x2  
  136  9:52  Marauder  
  139  9:56  Siege Tank  
  142  10:03  Marine x2  
  137  10:22  Concussive Shells  
  137  10:38  Marine  
  138  10:58  Unknown  
  138  10:59  Mag-Field Accelerator  
  138  11:28  Terran Infantry Armor Level 1  
  138  11:38  Marine x2  
  138  11:39  Marauder  
  142  11:41  Siege Tank, Medivac  
  142  11:42  Medivac  
  149  11:53  Unknown  
  148  11:56  Marine x2  
  148  12:04  Marauder  
  148  12:13  Marine  
Show
View Real Time Build Order
Export as new Build Order

A.I. 1 (Harder) Zerg 

Build Orders: 1 Base Baneling Bust, Pool First 

Get SALT Encoding   

  12  0:00  Drone  
  13  0:12  Overlord  
  13  0:17  Drone  
  14  0:30  Drone x2  
  16  0:43  Spawning Pool  
  16  0:45  Drone  
  16  0:49  Drone  
  17  0:51  Extractor  
  17  0:55  Drone  
  17  1:06  Overlord  
  17  1:30  Queen  
  17  1:31  Zergling x2  
  20  1:37  Roach Warren  
  20  1:38  Drone  
  20  1:40  Zergling x2  
  20  1:42  Extractor  
  20  1:49  Drone  
  21  2:00  Drone  
  22  2:10  Overlord  
  22  2:21  Drone  
  23  2:32  Roach  
  23  2:36  Drone  
  26  2:41  Roach  
  26  2:43  Overlord  
  28  2:51  Roach  
  30  3:00  Roach  
  32  3:09  Overlord, Roach  
  34  3:18  Roach  
  36  3:28  Roach  
  38  3:37  Roach  
  38  3:40  Overlord  
  40  3:46  Roach  
  42  3:55  Roach, Drone  
  42  3:59  Drone  
  46  4:06  Drone  
  47  4:12  Roach, Drone  
  47  4:14  Overlord  
  50  4:18  Drone  
  51  4:29  Drone  
  52  4:33  Baneling Nest  
  52  4:38  Evolution Chamber  
  50  4:39  Drone  
  50  4:43  Drone  
  50  4:44  Roach  
  54  4:53  Roach  
  56  5:02  Roach  
  58  5:20  Zergling x2  
  58  6:16  Overlord, Lair  
  58  6:17  Zerg Melee Weapons Level 1  
  58  6:18  Spore Crawler  
  57  6:24  Spore Crawler  
  57  6:25  Hatchery  
  55  6:43  Drone  
  56  6:47  Drone  
  57  6:55  Spine Crawler  
  57  6:57  Drone  
  57  7:04  Spine Crawler  
  57  7:06  Drone  
  56  7:09  Zergling x2  
  56  7:14  Burrow, Overseer  
  28  7:17  Roach, Hydralisk Den  
  29  7:24  Roach  
  31  7:31  Roach  
  33  7:38  Roach, Drone  
  33  7:40  Overseer  
  33  7:42  Drone x2  
  33  7:43  Drone x2  
  40  7:44  Drone  
  40  7:45  Roach  
  43  7:53  Roach  
  43  7:57  Drone  
  46  7:58  Drone  
  46  8:00  Roach  
  46  8:01  Drone  
  46  8:03  Drone  
  51  8:06  Drone  
  51  8:09  Drone  
  51  8:11  Zerg Ground Armor Level 1  
  53  8:17  Drone  
  55  8:20  Drone  
  55  8:25  Roach  
  55  8:26  Drone  
  58  8:28  Drone  
  58  8:30  Drone  
  58  8:31  Drone  
  61  8:39  Roach  
  63  8:41  Drone  
  64  8:49  Overlord  
  64  8:50  Spore Crawler  
  64  8:52  Drone  
  64  8:54  Spore Crawler  
  63  8:58  Roach, Drone x2  
  63  8:59  Queen  
  69  9:04  Hydralisk, Queen  
  69  9:08  Overlord  
  73  9:11  Infestation Pit, Hydralisk  
  74  9:18  Spine Crawler  
  74  9:19  Hydralisk  
  74  9:20  Spine Crawler  
  74  9:23  Drone  
  75  9:26  Hydralisk  
  75  9:28  Spire  
  75  9:30  Drone  
  77  9:32  Evolution Chamber  
  77  9:33  Hydralisk  
  78  9:40  Hydralisk  
  80  10:02  Extractor  
  80  10:05  Extractor  
  78  10:09  Roach  
  61  10:16  Zergling x2  
  48  10:23  Roach  
  48  10:26  Zergling x2  
  48  10:28  Zergling x2  
  48  10:30  Zergling x2  
  48  10:33  Zergling x2  
  46  10:35  Zergling x2  
  46  10:37  Overseer  
  46  10:38  Zergling x2  
  27  10:44  Hydralisk  
  27  10:51  Hatchery  
  27  10:52  Hydralisk  
  26  10:59  Roach  
  24  11:05  Hydralisk  
  25  11:12  Roach  
  25  11:18  Hydralisk  
  25  11:25  Hydralisk  
  25  11:26  Queen  
  25  11:31  Hydralisk  
  23  11:42  Drone x2  
  4  12:03  Drone  
  3  12:10  Hatchery  
  3  12:14  Drone  
  3  12:25  Drone  
  3  12:35  Drone  
  4  13:01  Drone  
  5  13:07  Drone  
Tags
 
Add a new tag
Caveats
  • Supply blocks, unpowered buildings, or Contaminate may cause inaccurate times.
  • Supply counts are checked every 10 seconds.